 Dungeon Crawl Stone Soup version 0.21-a0-404-g291f19a (webtiles) character file.

36 riteheju the Shield-Bearer (level 3, -12/33 HPs)
             Began as a Minotaur Fighter on Oct 26, 2017.
             Mangled by Crazy Yiuf
             ... wielding a +4 quarterstaff of chaos
              (15 damage)
             ... on level 2 of the Dungeon.
             The game lasted 00:07:05 (1246 turns).

riteheju the Shield-Bearer (Minotaur Fighter)       Turns: 1246, Time: 00:07:06

Health: -12/33     AC:  0    Str: 26    XL:     3   Next: 19%
Magic:  2/2        EV: 17    Int:  5    God:
Gold:   49         SH:  0    Dex: 14    Spells: 2/2 levels left

rFire    . . .     SeeInvis .   (weapon currently unavailable)
rCold    . . .     Gourm    .   (shield currently unavailable)
rNeg     . . .     Faith    .   (armour currently unavailable)
rPois    .         Spirit   .   (helmet currently unavailable)
rElec    .         Reflect  .   (cloak currently unavailable)
rCorr    .         Harm     .   (gloves currently unavailable)
MR       .....                  (boots currently unavailable)
Stlth    +.........             (no amulet)
HPRegen  0.11/turn              (ring currently unavailable)
MPRegen  0.08/turn              (ring currently unavailable)

@: mighty, bat-form, flying, very quick
A: (retaliatory headbutt)
a: no special abilities


You were on level 2 of the Dungeon.
You were very hungry.
You were in bat-form.
You visited 1 branch of the dungeon, and saw 2 of its levels.

You collected 49 gold pieces.

Inventory:

Hand Weapons
 a - a +0 trident (melded)
 i - a -2 hunting sling
Missiles
 h - 5 sling bullets
 k - 21 arrows
Armour
 b - a +0 scale mail
 c - a +0 shield (melded)
 o - a +0 scale mail (melded)
Scrolls
 g - a scroll of noise {unknown}
 j - 2 scrolls of identify
 l - 2 scrolls of remove curse
 n - a scroll of teleportation {unknown}
Potions
 m - a potion of flight {unknown}
 q - a potion of cancellation {unknown}
Comestibles
 f - 2 bread rations
 p - a royal jelly


   Skills:
 + Level 4.0 Fighting
 + Level 3.3 Polearms
 + Level 3.9 Armour
 + Level 0.1 Dodging
 + Level 4.1 Shields


You had 2 spell levels left.
You didn't know any spells.

Dungeon Overview and Level Annotations

Branches:
Dungeon (2/15)

Altars:

Annotations:
D:2 Crazy Yiuf


Innate Abilities, Weirdness & Mutations

((You reflexively headbutt those who attack you in melee.))
((You have a pair of horns on your head.))


Message History

You closely miss Crazy Yiuf.
Crazy Yiuf is heavily wounded.
Crazy Yiuf hits you with a quarterstaff of chaos.
* * * LOW HITPOINT WARNING * * *
You feel very mighty all of a sudden. You block Crazy Yiuf's attack.
You feel better.
Crazy Yiuf hits you with a quarterstaff of chaos.
* * * LOW HITPOINT WARNING * * *
You turn into a bat.
Your +0 trident melds into your body.
Your +0 shield melds into your body.
Your +0 scale mail melds into your body.
You hit Crazy Yiuf.
Crazy Yiuf is severely wounded.
You hit Crazy Yiuf but do no damage.
Crazy Yiuf is severely wounded.
Crazy Yiuf hits you with a quarterstaff of chaos.
* * * LOW HITPOINT WARNING * * *
You are electrocuted!
You die...

######## ####
###.#....##
#...##..#.#....##
#..gb.####......#
#)..### ##.....#
#### ####..# #.##
#.# ########.#
#........#
#.######## .. #.#


You could see Crazy Yiuf.

Vanquished Creatures
  An adder (D:2)
  A worm (D:2)
  A leopard gecko (D:1)
  A giant cockroach (D:1)
  2 goblins
  5 hobgoblins (D:1)
  2 jackals (D:1)
  2 bats
  A frilled lizard (D:2)
  2 kobolds
  4 rats (D:1)
  A plant (D:1)
23 creatures vanquished.

Notes
Turn   | Place    | Note
-------+----------+-------------------------------------------
     0 | D:1      | riteheju the Minotaur Fighter began the quest for the Orb.
     0 | D:1      | Reached XP level 1. HP: 19/19 MP: 0/0
   264 | D:1      | Reached XP level 2. HP: 26/27 MP: 1/1
  1104 | D:2      | Reached XP level 3. HP: 33/33 MP: 2/2
  1230 | D:2      | Found a runed door.
  1234 | D:2      | Noticed Crazy Yiuf
  1246 | D:2      | Mangled by Crazy Yiuf

Vault maps used:
D:1:      dpeg_arrival_line_fractal, serial_forest,
          infiniplex_forest_clump_double, infiniplex_forest_clump_tiny,
          infiniplex_forest_lined_room_, infiniplex_forest_corner_1,
          infiniplex_forest_lined_2, infiniplex_forest_lined_3
D:2:      overflow_temple_1_default, first_bread, uniq_crazy_yiuf_cottage,
          uniq_jessica

Skill      XL: |  1  2 |
---------------+-------+-----
Fighting       | 4 |  4.0
Shields        | 4 |  4.1
Polearms       | 3 |  3.3
Armour         | |  3.9
Dodging        | |  0.1

Action                   || total
-------------------------++-------
Melee: Trident           ||   108
       Headbutt          ||    16
       Unarmed           ||     2
  Use: Scroll            ||     4
       Potion            ||     2
Armor: Scale mail        ||    37
Dodge: Dodged            ||    25
Block: Shield            ||    43

Table legend:
 A = Spawn XP
 B = Non-spawn XP
 C = Spawn XP percentage of total XP
 D = Spawn monster count
 E = Non-spawn monster count
 F = Spawn count percentage of total count
 G = Total turns spent on level
                    A         B        C        D         E        F      G
               +---------+---------+-------+---------+---------+-------+---------
         Total |       0 |      52 |   0.0 |       0 |      22 |   0.0 |  1246
               +---------+---------+-------+---------+---------+-------+---------
           D:1 |       0 |      27 |   0.0 |       0 |      16 |   0.0 |   953
           D:2 |       0 |      25 |   0.0 |       0 |       6 |   0.0 |   293
               +---------+---------+-------+---------+---------+-------+---------
